 Dungeon Crawl Stone Soup version 0.28.0-53-g5a82cb258f (webtiles) character file.

Game seed: 17986146166052091924

171 nickcage the Cudgeller (level 5, 0/41 HPs)
             Began as a Formicid Abyssal Knight on May 24, 2022.
             Was a Believer of Lugonu.
             Killed from afar by Blork the orc (8 damage)
             ... with a puff of flame
             ... on level 4 of the Dungeon.
             The game lasted 00:07:05 (3995 turns).

nickcage the Cudgeller (Formicid Abyssal Knight)    Turns: 3995, Time: 00:07:05

Health: 0/41       AC:  6    Str: 20    XL:     5   Next: 81%
Magic:  6/6        EV:  9    Int:  9    God:    Lugonu [**....]
Gold:   134        SH:  0    Dex: 11    Spells: 4/4 levels left

rFire   . . .      SeeInvis +   a - +1 mace
rCold   . . .      Faith    .   (no shield)
rNeg    . . .      Spirit   .   d - +0 scale mail
rPois   +          Reflect  .   (helmet unavailable)
rElec   .          Harm     .   (no cloak)
rCorr   .          Rampage  .   (no gloves)
Will    .....                   (no boots)
Stlth   ..........              (no amulet)
HPRegen 0.13/turn               j - ring of poison resistance
MPRegen 0.10/turn               (no ring)

@: no status effects
A: permanent stasis, dig shafts and tunnels, antennae 3, four strong arms
a: Dig, Shaft Self, Renounce Religion, Depart the Abyss, Bend Space


You were on level 4 of the Dungeon.
You worshipped Lugonu.
Lugonu was pleased with you.
You visited 1 branch of the dungeon, and saw 4 of its levels.
You visited the Abyss 1 time.

You collected 134 gold pieces.

Inventory:

Hand Weapons
 a - a +1 mace (weapon)
 h - a +0 flail
Armour
 b - a +0 leather armour
 d - a +0 scale mail (worn)
 m - a +0 ring mail
Jewellery
 j - a ring of poison resistance (left hand)
Wands
 k - a wand of iceblast (13) (quivered)
Scrolls
 g - 2 scrolls of magic mapping
 l - a scroll of enchant weapon {unknown}
 o - 3 scrolls of acquirement {unknown}
Potions
 c - a potion of attraction {unknown}
 e - a potion of haste {unknown}
 f - 3 potions of magic {unknown}
 i - a potion of brilliance {unknown}
 n - a potion of curing {unknown}


   Skills:
 - Level 3.2 Fighting
 + Level 5.5 Maces & Flails
 - Level 2.1 Armour
 - Level 0.8 Dodging
 - Level 2.1 Invocations


You had 4 spell levels left.
You didn't know any spells.
Your spell library contained the following spells:

 Spells                   Type           Power      Damage    Failure   Level
 Fireball                 Conj/Fire      0%         3d3       100%        5
 Starburst                Conj/Fire      0%         6d3       100%        6
 Ignition                 Fire           0%         3d3       100%        8


Dungeon Overview and Level Annotations

Branches:
Dungeon (4/15)
 Temple: D:4-7

Altars:
Trog

Annotations:
D:4 Blork the orc


Innate Abilities, Weirdness & Mutations

You cannot be hasted, slowed, berserked, paralysed or teleported.
You can dig through walls and to a lower floor.
You have a pair of large antennae on your head. (SInv)
Your four strong arms can wield two-handed weapons with a shield.


Message History

a +0 short sword; a stone The quokka bites you.
You barely miss the quokka.
The quokka bites you but does no damage.
You thump the quokka!
You kill the quokka!
Lugonu accepts your kill.
No target in view!
HP restored.
n - a sapphire potion You see here 9 stones.
You now have 134 gold pieces (gained 11).
Found a bloodstained altar of Trog.
f - 3 sedimented dark potions (gained 1)
Found a glaive.
There is a bloodstained altar of Trog here.
Things that are here:
a +0 dagger; a +0 animal skin
o - 3 scrolls labelled VUAP MIANAMP You sense a monster nearby.
Found an escape hatch in the floor.
You sense a monster nearby.
No target in view!
Blork the orc comes into view.
He is wielding a +0 scimitar.
Blork the orc hits you with a +0 scimitar!
You closely miss Blork the orc.
Blork the orc hits you with a +0 scimitar!
You hit Blork the orc.
Blork the orc is lightly wounded.
Blork the orc hits you with a +0 scimitar!
* * * LOW HITPOINT WARNING * * *
You are too injured to fight recklessly!
Blork the orc casts a spell at you. The puff of flame hits you.
* * * LOW HITPOINT WARNING * * *
Blork the orc screams, "I'll break your arms!"
Blork the orc looks braver for a moment.
Blork the orc points at you and mumbles some strange words.
The puff of flame hits you!
You die...

#.####..##########
#.#..o...........##
#####.#.....#..###.....
........##.##..###.....
#####..o...##..##....).
##......##..##...... {
#....#####..##......
#..............._.## {
#.†@##########....# #...#
#####.#### #...#
#.......#
#.######.).######.#.###.#
#.........(.......#.# .#
..........<..........# .
#.................#..# ##
########...######.#..#
#...# #......


You could see Blork the orc.

Vanquished Creatures
  A jelly (D:4)
  4 gnolls (D:3)
  4 adders
  A dart slug (D:2)
  9 ball pythons
  7 endoplasms
  2 giant cockroaches
  6 goblins
  4 hobgoblins
  4 jackals (D:1)
  3 quokkas
  6 bats
  3 frilled lizards
  6 kobolds
  3 rats (D:2)
63 creatures vanquished.

Vanquished Creatures (others)
  2 plants (D:1)
2 creatures vanquished.

Grand Total: 65 creatures vanquished

Notes
Turn   | Place    | Note
-------+----------+-------------------------------------------
     0 | Abyss:1  | nickcage the Formicid Abyssal Knight began the quest for
                  | the Orb.
     0 | Abyss:1  | Reached XP level 1. HP: 18/18 MP: 2/2
     7 | D:1      | Escaped the Abyss
    90 | D:1      | Reached XP level 2. HP: 11/24 MP: 3/3
   371 | D:1      | Reached skill level 3 in Maces & Flails
   432 | D:1      | Reached ** piety under Lugonu
   503 | D:1      | Reached XP level 3. HP: 28/29 MP: 4/4
  1104 | D:2      | HP: 1/29 [poisoned by an adder]
  1646 | D:2      | Found a faded altar of an unknown god.
  1868 | D:2      | Reached skill level 4 in Maces & Flails
  1868 | D:2      | Reached XP level 4. HP: 35/35 MP: 5/5
  2838 | D:3      | Reached XP level 5. HP: 41/41 MP: 6/6
  3380 | D:3      | Reached skill level 5 in Maces & Flails
  3957 | D:4      | Found a bloodstained altar of Trog.
  3982 | D:4      | Noticed Blork the orc
  3995 | D:4      | Killed from afar by Blork the orc

Illustrated notes

Levels and vault maps discovered:
D:1:      psy_arrival_statuary, layout_loops_ring, serial_bayou_pond_a,
          supply_closet_lemuel
D:2:      layout_basic, hellmonk_ecumenical_altar_inner_sanctum
D:3:      layout_basic
D:4:      layout_loops_cross, nicolae_overflow_hallway_of_the_gods, bloody_trog,
          chequers_serial_rivers_micro_a, uniq_blork_the_orc, uniq_robin,
          uniq_grinder

Skill      XL: |  1  2  3  4  5 |
---------------+----------------+-----
Maces & Flails | 3 4 5 |  5.5
Fighting       | |  3.2
Armour         | |  2.1
Dodging        | |  0.8
Invocations    | |  2.1

Action                   |  1- 3 |  4- 6 || total
-------------------------+-------+-------++-------
Melee: Mace              |    76 |    70 ||   146
Evoke: Wand              |       |     1 ||     1
  Use: Scroll            |     4 |       ||     4
 Stab: Sleeping          |     1 |       ||     1
Armor: Leather armour    |    19 |       ||    19
       Scale mail        |     2 |    50 ||    52
Dodge: Dodged            |    47 |    54 ||   101
